Map: Ascension to Aiur LE

Players

Snute - Winner!

  • Race: Zerg Zerg
  • Spawn Location: 5:00

FishTaco

  • Race: Zerg Zerg
  • Spawn Location: 11:00

Event: WCS Montreal 2017

VOD

Have the link to the VOD?

Description

Time

  • Played on: Sept. 8, 2017, 11:26 a.m.
  • Length: 3:43

All games in this series

Show
View Real Time Build Order
Export as new Build Order

Snute Zerg - Winner!

Build Orders: Pool First 

Get SALT Encoding   

  12  0:06  Drone  
  13  0:12  Overlord  
  13  0:16  Drone  
  14  0:30  Drone x2  
  16  0:38  Drone  
  17  0:43  Extractor  
  17  0:49  Drone  
  17  0:50  Spawning Pool  
  16  1:00  Drone  
  18  1:11  Drone  
  18  1:20  Hatchery  
  17  1:36  Queen  
  17  1:37  Zergling x2  
  20  1:42  Metabolic Boost  
  20  1:48  Overlord  
  20  1:51  Zergling x2  
  21  1:54  Zergling x2  
  22  2:06  Zergling x2  
  23  2:12  Queen  
  25  2:19  Zergling x2  
  26  2:27  Zergling x2  
  27  2:32  Queen  
  27  2:33  Zergling x2  
  30  2:38  Zergling x2  
  30  2:43  Zergling x2  
  32  2:45  Zergling x6  
  35  2:52  Overlord  
  35  2:53  Drone  
  36  3:03  Overlord  
  35  3:13  Drone  
  35  3:14  Drone  
  35  3:17  Drone  
  35  3:19  Drone  
  40  3:20  Drone x2  
  40  3:21  Drone  
  40  3:22  Drone  
  40  3:24  Drone  
  43  3:29  Drone  
Show
View Real Time Build Order
Export as new Build Order

FishTaco Zerg 

Build Orders: Hatch First 

Get SALT Encoding   

  12  0:00  Drone  
  13  0:12  Overlord  
  13  0:18  Drone  
  14  0:30  Drone x2  
  17  0:35  Drone  
  17  0:54  Hatchery  
  16  0:57  Drone  
  16  1:00  Drone  
  18  1:04  Extractor  
  17  1:16  Spawning Pool  
  16  1:18  Drone  
  16  1:22  Drone  
  18  1:29  Drone  
  19  1:38  Drone  
  20  1:49  Overlord  
  20  2:02  Queen  
  20  2:06  Metabolic Boost  
  22  2:09  Zergling x4  
  22  2:10  Queen  
  26  2:19  Drone x2  
  28  2:28  Baneling Nest  
  27  2:30  Drone  
  27  2:33  Drone  
  29  2:44  Drone x2  
  29  2:45  Drone  
  29  2:49  Drone  
  33  2:56  Zergling x2  
Tags
 
Add a new tag
Caveats
  • Supply blocks, unpowered buildings, or Contaminate may cause inaccurate times.
  • Supply counts are checked every 10 seconds.